 Dungeon Crawl Stone Soup version 0.22-a0-619-ga0c6fd2 (webtiles) character file.

119 Gildeon the Conjurer (level 4, -1/24 HPs)
             Began as a Deep Elf Conjurer on July 14, 2018.
             Slain by a gnoll
             ... wielding a +1 halberd of flaming
              (8 damage)
             ... on level 2 of the Dungeon.
             The game lasted 00:10:40 (1661 turns).

Gildeon the Conjurer (Deep Elf Conjurer)            Turns: 1661, Time: 00:10:41

Health: -1/24      AC:  2    Str:  5    XL:     4   Next: 73%
Magic:  7/12       EV: 13    Int: 21    God:
Gold:   84         SH:  0    Dex: 15    Spells: 2/12 levels left

rFire    + . .     SeeInvis .   g - +0 dagger
rCold    x . .     Gourm    .   (no shield)
rNeg     . . .     Faith    .   a - +0 robe
rPois    .         Spirit   .   (no helmet)
rElec    .         Reflect  .   (no cloak)
rCorr    .         Harm     .   (no gloves)
MR       .....                  (no boots)
Stlth    +++.......             (no amulet)
HPRegen  0.08/turn              i - ring of fire
MPRegen  0.13/turn              (no ring)

@: no status effects
A: no striking features
a: no special abilities


You were on level 2 of the Dungeon.
You were not hungry.

You visited 1 branch of the dungeon, and saw 2 of its levels.

You collected 84 gold pieces.

Inventory:

Hand Weapons
 g - a +0 dagger (weapon)
Armour
 a - a +0 robe (worn)
Jewellery
 i - a ring of fire (left hand)
Scrolls
 d - a scroll of immolation {unknown}
 f - a scroll of amnesia
 h - a scroll of blinking {unknown}
Potions
 e - a potion of ambrosia
 k - a potion of might
Comestibles
 b - 4 chunks of flesh
 c - 4 rations


   Skills:
 - Level 2.4 Dodging
 + Level 4.2 Stealth
 + Level 4.6 Spellcasting
 - Level 5.0 Conjurations
 + Level 1.3 Hexes


You had 2 spell levels left.
You knew the following spells:

 Your Spells              Type           Power        Failure   Level  Hunger
a - Magic Dart            Conj           ####         1%          1    None
b - Searing Ray           Conj           ####..       2%          2    #......
c - Dazzling Spray        Conj/Hex       ###...       9%          3    ##.....
d - Iskenderun's Mystic   Conj           ####....     14%         4    ####...

Your spell library contained the following spells:

 Spells                   Type           Power        Failure   Level  Hunger
 Fulminant Prism          Conj/Hex       ###.......   30%         4    ####...
 Force Lance              Conj/Tloc      ###.....     36%         4    ####...


Dungeon Overview and Level Annotations

Branches:
Dungeon (2/15)

Altars:


Message History

Press: ? - help, Shift-Dir - straight line, f - gnoll
Aim: a gnoll, wielding a halberd of flaming The magic dart hits the gnoll.
The gnoll is heavily wounded.
The gnoll barely misses you.
Casting: Magic Dart (safe; 1% risk of failure)
Confirm with . or Enter, or press ? or * to list all spells.
Aiming: Magic Dart (safe; 1% risk of failure)
Press: ? - help, Shift-Dir - straight line, f/p - gnoll
Aim: a gnoll, wielding a halberd of flaming (moderately wounded)
The magic dart hits the gnoll.
The gnoll is moderately wounded.
The gnoll hits you from afar with a halberd of flaming!
Ouch! That really hurt!
* * * LOW HITPOINT WARNING * * *
The gnoll burns you.
* * * LOW HITPOINT WARNING * * *
Found a stone staircase leading down.
The gnoll hits you from afar with a halberd of flaming!
You die...

#......# ###..#.#.###
#......# #...........
#......# #...........
+......#####...........
#.................#'###
####.#.########...#.#
#g# #...#)### #.#
#.#.#.... #@# #.#.#####
####+#<## #.#..#
.........### #.#..####
.........#.#####.#......
.................###.###
##########.###...# #.#
#.......###...###.###
..........'...'......
#.#####.###...####.##


You could see a gnoll.

Vanquished Creatures
  An orc wizard (D:2)
  3 gnolls (D:2)
  An adder (D:2)
  An ooze (D:1)
  A dart slug (D:1)
  3 leopard geckos
  3 orcs (D:2)
  A giant cockroach (D:2)
  6 goblins
  2 hobgoblins (D:1)
  4 kobolds
  A quokka (D:2)
  4 bats
  6 frilled lizards
  8 rats
45 creatures vanquished.

Notes
Turn   | Place    | Note
-------+----------+-------------------------------------------
     0 | D:1      | Gildeon the Deep Elf Conjurer began the quest for the Orb.
     0 | D:1      | Reached XP level 1. HP: 10/10 MP: 6/6
   290 | D:1      | Reached XP level 2. HP: 7/15 MP: 0/8
   490 | D:1      | Learned a level 2 spell: Searing Ray
  1006 | D:1      | Reached XP level 3. HP: 17/19 MP: 8/10
  1011 | D:1      | Learned a level 3 spell: Dazzling Spray
  1262 | D:2      | Reached skill level 5 in Conjurations
  1262 | D:2      | Reached XP level 4. HP: 13/24 MP: 1/12
  1277 | D:2      | Learned a level 4 spell: Iskenderun's Mystic Blast
  1603 | D:2      | Reached skill level 1 in Hexes
  1661 | D:2      | Slain by a gnoll

Vault maps used:
D:1:      dpeg_arrival_tiny_c

Skill      XL: |  1  2  3  4 |
---------------+-------------+-----
Stealth        | 3 4 |  4.2
Spellcasting   | 4 |  4.6
Conjurations   | 5 |  5.0
Hexes          | 1 |  1.3
Dodging        | |  2.4

Action                   |  1- 3 |  4- 6 || total
-------------------------+-------+-------++-------
Melee: Unarmed           |     3 |       ||     3
       Dagger            |    27 |     2 ||    29
 Cast: Magic Dart        |    63 |    28 ||    91
  Use: Scroll            |     4 |     1 ||     5
 Stab: Sleeping          |     5 |       ||     5
  Eat: Chunk             |     1 |     1 ||     2
Armor: Robe              |     7 |       ||     7
Dodge: Dodged            |    31 |     5 ||    36

Table legend:
 A = Spawn XP
 B = Non-spawn XP
 C = Spawn XP percentage of total XP
 D = Spawn monster count
 E = Non-spawn monster count
 F = Spawn count percentage of total count
 G = Total turns spent on level
                    A         B        C        D         E        F      G
               +---------+---------+-------+---------+---------+-------+---------
         Total |       0 |     170 |   0.0 |       0 |      45 |   0.0 |  1661
               +---------+---------+-------+---------+---------+-------+---------
           D:1 |       0 |      45 |   0.0 |       0 |      24 |   0.0 |  1154
           D:2 |       0 |     125 |   0.0 |       0 |      21 |   0.0 |   507
               +---------+---------+-------+---------+---------+-------+---------
